 Dungeon Crawl Stone Soup version 0.12.3 (webtiles) character file.

1002 userman the Chopper (level 7, -2/57 HPs)
             Began as a Hill Orc Priest on Oct 21, 2023.
             Was a Believer of Beogh.
             Shot with an arrow by a centaur (20 damage)
             ... on Level 5 of the Dungeon.
             The game lasted 00:32:40 (3080 turns).

userman the Chopper (Hill Orc Priest)               Turns: 3080, Time: 00:32:40

HP  -2/57        AC  8     Str 17      XL: 7   Next: 82%
MP  15/15        EV  8     Int 12      God: Beogh [**....]
Gold 233         SH  8     Dex 10      Spells:  1 memorised,  5 levels left

Res.Fire  : . . .   See Invis. : .   a - +0 orc hand axe {=f}
Res.Cold  : + . .   Warding    : +   I - +2 orc ring mail {rC+}
Life Prot.: + . .   Conserve   : .   j - +0 buckler
Res.Poison: .       Res.Corr.  : .   (no helmet)
Res.Elec. : .       Clarity    : .   (no cloak)
Sust.Abil.: + .     Spirit.Shd : .   (no gloves)
Res.Mut.  : .       Stasis     : .   (no boots)
Res.Rott. : .       Ctrl.Telep.: .   y - amulet of warding {unknown}
Saprovore : + . .   Flight     : .   G - ring of sustain abilities {unknown}
                                     B - ring of sustenance {unknown}

@: slightly resistant to hostile enchantments, extremely unstealthy
A: saprovore 1
a: Smiting, Renounce Religion


You were on level 5 of the Dungeon.
You worshipped Beogh.
Beogh was greatly pleased with you.
You were not hungry.

You visited 1 branch of the dungeon, and saw 5 of its levels.

You collected 213 gold pieces.

Inventory:

Hand weapons
 a - a +0,+0 orcish hand axe (weapon) {=f}
 t - a -1,+0 orcish trident
 J - a +1,+2 orcish flail of draining
 L - a +1,+1 orcish mace of pain
 O - a cursed -4,-2 orcish dagger
Missiles
 g - 20 darts (quivered)
 p - 26 steel darts
 x - 3 poisoned needles
 C - 8 arrows
Armour
 j - a +0 buckler (worn)
 o - a +0 splint mail
 D - a +0 plate armour
 I - a +2 orcish ring mail of cold resistance (worn)
Magical devices
 u - a wand of random effects (7) {unknown}
 v - a wand of random effects (18) {unknown}
Comestibles
 c - a meat ration
 n - a choko
 z - 2 bread rations
 K - a rotting chunk of adder flesh
 N - a chunk of adder flesh
Scrolls
 b - a scroll of magic mapping {unknown}
 f - 2 scrolls of fog {unknown}
 h - 7 scrolls of teleportation
 k - 2 scrolls of enchant armour
 m - 6 scrolls of identify {unknown}
 r - 2 scrolls of blinking
 s - 2 scrolls of remove curse
 w - a scroll of enchant weapon II {unknown}
 E - a scroll of curse weapon {unknown}
Jewellery
 y - an amulet of warding (around neck) {unknown}
 B - a ring of sustenance (left hand) {unknown}
 G - a ring of sustain abilities (right hand) {unknown}
Potions
 d - a potion of restore abilities
 e - a potion of speed {unknown}
 i - a potion of magic {unknown}
 l - 2 potions of curing {unknown}
 q - a potion of heal wounds {unknown}
 A - a potion of brilliance {unknown}
 H - a potion of slowing {unknown}
 M - a potion of degeneration {unknown}
Books
 F - a book of Changes

   Spells                             Type                      Level
   *Beastly Appendage                 Transmutation                1
   Sticks to Snakes                   Transmutation                2
   Spider Form                        Transmutation/Poison         3
   Ice Form                           Ice/Transmutation            4
   Blade Hands                        Transmutation                5


   Skills:
 + Level 4.4 Fighting
 + Level 7.5 Axes
 + Level 4.7 Armour
 + Level 2.9 Dodging
 + Level 2.4 Shields
 + Level 6.1 Invocations


You had 5 spell levels left.
You knew the following spells:

 Your Spells              Type           Power        Failure   Level  Hunger
a - Beastly Appendage     Trmt           #......      73%         1    ##.....


Dungeon Overview and Level Annotations

Branches:
Dungeon (5/27)
 Temple: D:4-7

Altars:
Fedhas
Vehumet
Xom
Yredelemnul


Innate Abilities, Weirdness & Mutations

You can tolerate rotten meat.


Message History

You feel sick.
The centaur shoots an arrow.
The arrow hits you!
You see here an arrow.
A hound and an ogre come into view.
You feel sick.
You feel better.
The ogre shouts!
The hound barks!
The centaur shoots an arrow.
The arrow hits you!
Found a leatherbound book.
A worm comes into view.
You see here an arrow.
The centaur shoots an arrow.
The arrow hits you!
You see here 2 arrows.
The centaur shoots an arrow.
The arrow misses you.
The centaur shoots an arrow.
The arrow misses you.
The centaur shoots an arrow.
The arrow hits you!
You see here an arrow.
The hound gazes forward, looking utterly alone.
The centaur shoots an arrow.
The arrow hits you!
The centaur shoots an arrow.
The arrow hits you!
You die...

.##..............#
...#..c...#(....#..#
.......O(##......#.#
....#...#.(........#.#
.......#.h#...%.......#
............(.......##.
.........(.#..........
........#...#.......#.#
........@##....≈..#.# #
.....#.....#[%≈≈..### .
#....#.#.≈≈≈..#
.<....#...≈≈≈..#
..........#....##
#.#....#.###....##
##....#.###.....##
#....##.....<...#
..#.###.....##


You could see an ogre, a centaur and a hound.

Vanquished Creatures
  Grinder (D:3)
  The ghost of chipmonk the Insei, an average OpTm (D:3)
  An ogre (D:4)
  A giant frog skeleton (D:4)
  An orc priest (D:3)
  A hound (D:4)
  A scorpion (D:5)
  An iguana (D:3)
  An orc wizard (D:4)
  2 worker ants (D:4)
  8 adders
  A giant eyeball (D:4)
  2 giant geckos (D:1)
  An ooze (D:2)
  11 orcs
  17 bats
  A giant cockroach (D:3)
  2 goblins (D:3)
  7 hobgoblins
  12 kobolds
  2 giant newts (D:2)
  A hobgoblin skeleton (D:4)
  3 quokkas
  8 rats
  A spectral orc (D:4)
88 creatures vanquished.

Vanquished Creatures (others)
  An adder (D:2)
  A rat (D:2)
  A butterfly (D:2)
3 creatures vanquished.

Grand Total: 91 creatures vanquished

Notes
Turn   | Place    | Note
--------------------------------------------------------------
     0 | D:1      | userman, the Hill Orc Priest, began the quest for the Orb.
     0 | D:1      | Reached XP level 1. HP: 17/17 MP: 3/3
   272 | D:1      | Reached XP level 2. HP: 19/24 MP: 5/5
   493 | D:1      | Acquired Beogh's second power
   570 | D:2      | Found a radiant altar of Vehumet.
   757 | D:2      | Found a shimmering altar of Xom.
   793 | D:2      | Reached skill level 5 in Axes
   853 | D:2      | Reached XP level 3. HP: 16/30 MP: 7/7
  1228 | D:2      | Reached skill level 1 in Dodging
  1461 | D:3      | Reached XP level 4. HP: 34/37 MP: 9/9
  1628 | D:3      | Noticed Grinder
  1635 | D:3      | Killed Grinder
  1635 | D:3      | Reached skill level 1 in Shields
  1635 | D:3      | Reached XP level 5. HP: 20/44 MP: 3/11
  1635 | D:3      | Reached XP level 6. HP: 22/50 MP: 3/13
  1808 | D:3      | Noticed chipmonk's ghost (average OpTm)
  1822 | D:3      | Killed chipmonk's ghost
  1822 | D:3      | Reached skill level 7 in Axes
  1822 | D:3      | Reached XP level 7. HP: 26/57 MP: 15/15
  1903 | D:3      | Found a blossoming altar of Fedhas.
  2010 | D:3      | Learned a level 1 spell: Beastly Appendage
  2182 | D:3      | Reached XP level 6. HP: 43/50 MP: 13/13
  2284 | D:4      | Reached XP level 7. HP: 49/57 MP: 15/15
  2741 | D:4      | Paralysed by a giant eyeball for 3 turns
  2804 | D:4      | Found a basalt altar of Yredelemnul.
  3031 | D:5      | Entered Level 5 of the Dungeon
  3080 | D:5      | Shot with an arrow by a centaur

Action                   |  1- 3 |  4- 6 |  7- 9 || total
-------------------------+-------+-------+-------++-------
Melee: Hand axe          |   101 |    67 |   134 ||   302
Throw: Dart              |    34 |       |     4 ||    38
 Cast: Beastly Appendage |       |       |     1 ||     1
Invok: Smiting           |       |     3 |     2 ||     5
  Use: Scroll            |     1 |     4 |     1 ||     6
       Potion            |     1 |       |       ||     1
